 Dungeon Crawl Stone Soup version 0.32-a0-931-g5a2cda0630 (webtiles) character file.

Game seed: 9174226008132723611

217 Decritt the Trooper (level 5, -2/34 HPs)
             Began as a Gargoyle Fighter on Apr 13, 2024.
             Splashed by a jelly's acid (8 damage)
             ... on level 4 of the Dungeon.
             The game lasted 00:04:12 (2485 turns).

Decritt the Trooper (Gargoyle Fighter)              Turns: 2485, Time: 00:04:13

Health: -2/34      AC: 10    Str: 22    XL:     5   Next: 94%
Magic:  5/5        EV: 14    Int:  8    God:
Gold:   145        SH:  4    Dex:  9    Spells: 4/4 levels left

rFire   . . .        k - +0 whip
rCold   + . .        c - +0 buckler
rNeg    + . .        q - +3 ring mail "Hetucidd" {rC+ Stlth+}
rPois   ∞            (no helmet)
rElec   +            (no cloak)
rCorr   .            l - +0 pair of gloves of Kindness {Will+ Stlth+}
SInv    +            (no boots)
Will    +....        (no amulet)
Stlth   ++           e - ring of see invisible
HPRegen 0.25/turn    g - +5 ring of evasion
MPRegen 0.09/turn

%: no passive effects
@: corroded
A: sickness immunity, AC +4, negative energy resistance 1, electricity
resistance, torment resistance 1, petrification resistance
a: no special abilities


You were on level 4 of the Dungeon.
You visited 1 branch of the dungeon, and saw 4 of its levels.

You collected 145 gold pieces.

Inventory:

Hand Weapons
 a - a +0 flail
 k - a +0 whip (weapon)
Armour
 b - a +0 scale mail
 c - a +0 buckler (worn)
 l - the +0 pair of gloves of Kindness (worn) {Will+ Stlth+}
   (You found it on level 2 of the Dungeon)

   Will+:     It increases your willpower.
   Stlth+:    It makes you more stealthy.
 q - the +3 ring mail "Hetucidd" (worn) {rC+ Stlth+}
   (You found it on level 4 of the Dungeon)

   rC+:       It protects you from cold.
   Stlth+:    It makes you more stealthy.
Jewellery
 e - a ring of see invisible (left hand)
 g - a +5 ring of evasion (right hand)
 j - an amulet of faith
Wands
 i - a wand of warping (10)
 n - a wand of polymorph (13)
Scrolls
 h - a scroll of silence
 m - a scroll of teleportation {unknown}
 p - a scroll of enchant armour {unknown}
Potions
 d - a potion of might
 f - a potion of mutation
 o - 2 potions of heal wounds


   Skills:
 * Level 4.9 Fighting
 * Level 3.7 Maces & Flails
 + Level 4.1 Armour
 + Level 4.0 Shields


You had 4 spell levels left.
You didn't know any spells.
Your spell library contained the following spells:

 Spells                   Type           Power      Damage    Failure   Level
 Shock                    Conj/Air       0%         1d3       63%         1
 Frozen Ramparts          Ice            0%         1d1       94%         3
 Ozocubu's Armour         Ice            0%         N/A       94%         3
 Swiftness                Air            0%         N/A       94%         3
 Airstrike                Air            0%         2d(0-16)  100%        4
 Metabolic Englaciation   Hex/Ice        0%         N/A       100%        5


Dungeon Overview and Level Annotations

Branches:
Dungeon (4/15)
 Temple: D:4-7

Altars:


Innate Abilities, Weirdness & Mutations

You are immune to sickness and miasma.
Your stone body is resilient. (AC +4)
You are immune to poison.
You resist negative energy. (rN+)
You are resistant to electric shocks. (rElec)
You are resistant to unholy torment.
You are immune to petrification.


Message History

You kill the hound!
No target in view!
You see here a hound corpse.
No target in view!
You see here a hound corpse.
Found 8 stones.
A jelly comes into view.
The helpless jelly fails to defend itself.
You hit the jelly. The acid corrodes you!
Your hands burn!
The jelly is lightly wounded.
The jelly barely misses you.
You hit the jelly.
Your hands burn!
The jelly is moderately wounded.
The jelly barely misses you.
You barely miss the jelly.
The jelly is moderately wounded.
The jelly completely misses you.
You hit the jelly.
Your hands burn!
The jelly is heavily wounded.
The jelly barely misses you.
You hit the jelly.
Your hands burn!
The jelly is severely wounded.
The jelly hits you but does no damage.
You hit the jelly.
Your hands burn!
The jelly is severely wounded.
The jelly misses you.
You hit the jelly but do no damage.
Your hands burn!
* * * LOW HITPOINT WARNING * * *
The jelly is severely wounded.
The jelly hits you.
* * * LOW HITPOINT WARNING * * *
You are splashed with acid.
* * * LOW HITPOINT WARNING * * *
You hit the jelly.
Your hands burn!
* * * LOW HITPOINT WARNING * * *
The jelly is almost dead.
The jelly hits you.
* * * LOW HITPOINT WARNING * * *
You are splashed with acid!
You die...

.. ##.## ..##
###†#.###### #..#
#..###...... #(.#
#.#.#.######
####..#####.##.#######
........##.##....#...
######.!##.##.#####.#.##
...........##.#####.#.##
#####.@#..##...........
#.J#..####.#...#.##
#..#..####.......##
#..................
##.#..####.......##
#...............#
###..####..#..#### #..#
#.....# # ..#. #..##.# #


You could see a jelly.

Vanquished Creatures
  A hound (D:4)
  An orc priest (D:3)
  An orc wizard (D:3)
  3 gnolls
  4 adders
  2 dart slugs
  2 orcs
  5 bats
  7 endoplasms
  5 hobgoblins
  7 jackals (D:4)
  4 kobolds
  5 quokkas
  7 ball pythons
  3 frilled lizards
  3 goblins
  2 rats
62 creatures vanquished.

Notes
Turn   | Place    | Note
-------+----------+-------------------------------------------
     0 | D:1      | Decritt the Gargoyle Fighter began the quest for the Orb.
     0 | D:1      | Reached XP level 1. HP: 14/14 MP: 1/1
   135 | D:1      | Reached XP level 2. HP: 19/19 MP: 2/2
   774 | D:1      | Reached XP level 3. HP: 24/24 MP: 3/3
   949 | D:2      | Identified the +0 pair of gloves of Kindness {Will+ Stlth+}
  1350 | D:2      | Reached XP level 4. HP: 28/29 MP: 4/4
  2039 | D:3      | Reached XP level 5. HP: 20/34 MP: 2/5
  2355 | D:4      | Identified the +3 ring mail "Hetucidd" {rC+ Stlth+}
  2485 | D:4      | Splashed by a jelly's acid

Illustrated notes

Levels and vault maps discovered:
D:1:      lightli_molten_gateway, layout_basic, skrybe_limestone_x,
          minmay_pentomino_u4
D:2:      layout_basic, uniq_robin
D:3:      layout_basic
D:4:      layout_loops_ring, serial_library_hellmonk_octagon

Skill      XL: |  1  2  3  4  5 |
---------------+----------------+-----
Fighting       | 4 |  4.9
Maces & Flails | 3 |  3.7
Armour         | 4 |  4.1
Shields        | 4 |  4.0

Action                     |  1- 3 |  4- 6 || total
---------------------------+-------+-------++-------
  Melee: Flail             |    54 |       ||    54
         Whip              |    67 |   205 ||   272
    Use: Scroll            |       |     3 ||     3
   Stab: Sleeping          |       |     2 ||     2
 Armour: Scale mail        |    54 |    63 ||   117
         Ring mail         |       |    20 ||    20
  Dodge: Dodged            |    82 |   123 ||   205
  Block: Buckler           |    31 |    43 ||    74

Table legend: (Time is in decaauts)
 A = Elapsed time spent in this place.
 B = Non-inter-level travel time spent in this place.
 C = Inter-level travel time spent in this place.
 D = Time resting spent in this place.
 E = Time spent auto-exploring this place.
 F = Levels seen in this place.
 G = Mean time per level.
                   A        B        C        D        E       F      G
               +--------+--------+--------+--------+--------+-----+--------+
         Total |   2497 |   2462 |     35 |    392 |   1473 |   4 |  624.2 |
       Dungeon |   2497 |   2462 |     35 |    392 |   1473 |   4 |  624.2 |
               +--------+--------+--------+--------+--------+-----+--------+

Top non-repeatable levels by time:
     D:1: 912 daAuts
     D:3: 642 daAuts
     D:2: 578 daAuts
     D:4: 364 daAuts
